cohdb
Replays
Latest Replays
All Replays
Popular Replays
Top Player Replays
Match Explorer
How It Works
Community
CoH3 Stats
Reddit
Sign in to upload your games and track your stats! →
Sign in with Steam
Match 41119848
Unlisted
Match 41119848
Overview
Messages
Build Orders
End
Pioneer Squad
Selects Terror Battlegroup
Construct Infanterie Kompanie
MG 42 Machine Gun Team
MG 42 Machine Gun Team
MG 42 Machine Gun Team
Selects Machine Gun Camouflage
MG 42 Machine Gun Team
Infanterie Officer Quarters
MG 42 Machine Gun Team
MG 42 Machine Gun Team
Medical Bunker
Construct Panzergrenadier Kompanie
MG 42 Machine Gun Team
MG 42 Machine Gun Team
MG 42 Bunker
MG 42 Bunker
Selects Defend the Fatherland
MG 42 Bunker
MG 42 Bunker
MG 42 Bunker
nub
FutureNP
Rasvak
Papace
0
0
Comments
sign in to comment!
No comments posted yet!